 Dungeon Crawl Stone Soup version 0.28-a0-245-g639a1a48b9 (webtiles) character file.

Game seed: 3487931156340438527

3934 robertstho the Thaumaturge (level 10, -3/69 HPs)
             Began as a Djinni Fire Elementalist on Aug 24, 2021.
             Was an Initiate of Gozag.
             Killed by the air
             ... invoked by Gastronok
              (22 damage)
             ... on level 8 of the Dungeon.
             The game lasted 00:10:57 (10692 turns).

robertstho the Thaumaturge (DjFE)                  Turns: 10692, Time: 00:10:57

Health: -3/69      AC:  7    Str:  7    XL:     10   Next: 44%
Gold:   312        EV: 14    Int: 26    God:    Gozag SH:  5 Dex: 20

rFire   + + .      SeeInvis .   p - +1 dagger (elec)
rCold   x . .      Faith    .   (no shield)
rNeg    . . .      Spirit   .   a - +0 robe
rPois   ∞          Reflect  +   s - +0 helmet
rElec   .          Harm     .   D - scarf {repulsion}
rCorr   .          Rampage  .   A - +3 pair of gauntlets of War {Slay+5}
Will    +....                   (boots unavailable)
Stlth   +++.......              C - amulet "Ellokh" {Reflect Regen+ SH+5}
HPRegen 1.21/turn               y - +6 ring of intelligence
MPRegen 0.00/turn               h - +6 ring of dexterity

@: flying, studying Short Blades, repel missiles
A: sickness immunity, fire resistance 2, cold vulnerability 1, float, innate
caster, hp casting, extra vitality 1
a: Renounce Religion, Potion Petition, Call Merchant, Bribe Branch


You were on level 8 of the Dungeon.
You worshipped Gozag.
Gozag was aware of your devotion.
You visited 2 branches of the dungeon, and saw 9 of its levels.

You collected 863 gold pieces.
You spent 490 gold pieces at shops.
You paid 61 gold pieces to Gozag.

Inventory:

Hand Weapons
 i - a +0 halberd of flaming
 p - a +1 dagger of electrocution (weapon)
Missiles
 b - 3 throwing nets
Armour
 a - a +0 robe (worn)
 s - a +0 helmet (worn)
 v - a +0 kite shield
 A - the +3 pair of gauntlets of War (worn) {Slay+5}
   (You found it on level 7 of the Dungeon)

   Slay:      It affects your accuracy & damage with ranged weapons and melee
   (+5).
 D - a scarf of repulsion (worn)
Jewellery
 f - a ring of fire
 h - a +6 ring of dexterity (right hand)
 y - a +6 ring of intelligence (left hand)
 C - the amulet "Ellokh" (around neck) {Reflect Regen+ SH+5}
   (You bought it in a shop on level 6 of the Dungeon)

   [amulet of reflection]

   It reflects blocked missile attacks.
   Regen:     It increases your rate of health regeneration.
   SH:        It affects your SH (+5).
Scrolls
 c - a scroll of amnesia {unknown}
 d - a scroll of vulnerability {unknown}
 g - 4 scrolls of teleportation
 j - a scroll of noise {unknown}
 m - 3 scrolls of fog {unknown}
 o - a scroll of silence
 r - 3 scrolls of magic mapping {unknown}
 x - a scroll of immolation
 E - a scroll of blinking {unknown}
Potions
 e - 2 potions of brilliance {unknown}
 k - 2 potions of cancellation {unknown}
 l - a potion of berserk rage {unknown}
 n - 3 potions of lignification {unknown}
 q - 2 potions of might {unknown}
 t - 2 potions of curing
 u - a potion of attraction {unknown}
 w - 2 potions of invisibility
 z - a potion of mutation {unknown}
 B - a potion of experience {unknown}


   Skills:
 * Level 4.8 Fighting
 + Level 1.8 Short Blades
 + Level 4.0 Dodging
 + Level 3.9 Stealth
 * Level 9.9 Spellcasting


You had 3 spell levels left.
You knew the following spells:

 Your Spells              Type           Power      Damage    Failure   Level
a - Foxfire               Conj/Fire      100%       2x1d9     1%          1
b - Conjure Flame         Conj/Fire      59%        6-21      1%          3
c - Inner Flame           Hex/Fire       59%        N/A       1%          3
d - Sticky Flame          Conj/Fire      59%        2d7       1%          4
e - Fireball              Conj/Fire      29%        3d13      2%          5
f - Corona                Hex            65%        N/A       1%          1
g - Wereblood             Tmut           59%        N/A       1%          2
h - Call Canine Familiar  Summ           59%        N/A       1%          3
i - Frozen Ramparts       Ice            100%       1d12      1%          3
Your spell library was empty.

Dungeon Overview and Level Annotations

Branches:
Dungeon (8/15)             Temple (1/1) D:5
   Lair: D:8-11

Altars:
Ashenzari
Dithmenos
Elyvilon
Fedhas
Gozag
Hepliaklqana
Kikubaaqudgha
Makhleb
Nemelex Xobeh
Okawaru
Qazlal
Ru
Sif Muna
Trog
Uskayaw
Wu Jian
Xom
Yredelemnul
Zin
The Shining One

Shops:
D:1 (   D:6 *

Annotations:
D:4 Natasha
D:6 370 amulet
D:8 Gastronok


Innate Abilities, Weirdness & Mutations

You are immune to sickness and miasma.
You are immune to poison.
Your flesh is very heat resistant. (rF++)
You are vulnerable to cold. (rC-)
You float through the air rather than walking.
You learn spells naturally, not from books.
Your magical power is your life essence.
You have superior vitality. (+4 HP)


Message History

Casting: Fireball (dangerous; 2% risk of failure)
Confirm with . or Enter, or press ? or * to list all spells.
Aiming: Fireball (dangerous; 2% risk of failure)
Press: ? - help, Shift-Dir - straight line, f/p - Gastronok
Aim: Gastronok, wearing the +3 hat of Pondering {ponderous, Will+ MP+10 Int+5} (moderately wounded)
The fireball explodes!
The fireball engulfs Gastronok!
Gastronok is moderately wounded.
Unknown command.
Unknown command.
Casting: Fireball (dangerous; 2% risk of failure)
Confirm with . or Enter, or press ? or * to list all spells.
Aiming: Fireball (dangerous; 2% risk of failure)
Press: ? - help, Shift-Dir - straight line, f/p - Gastronok
Aim: Gastronok, wearing the +3 hat of Pondering {ponderous, Will+ MP+10 Int+5} (moderately wounded)
The fireball explodes!
The fireball engulfs Gastronok!
Gastronok is heavily wounded.
Gastronok casts a spell.
You feel sluggish.
Unknown command.
Casting: Fireball (dangerous; 2% risk of failure)
Confirm with . or Enter, or press ? or * to list all spells.
Aiming: Fireball (dangerous; 2% risk of failure)
Press: ? - help, Shift-Dir - straight line, f/p - Gastronok
Aim: Gastronok, wearing the +3 hat of Pondering {ponderous, Will+ MP+10 Int+5} (heavily wounded)
The fireball explodes!
The fireball engulfs Gastronok.
Gastronok is heavily wounded.
A dart slug comes into view.
Unknown command.
Casting: Fireball (dangerous; 2% risk of failure)
Confirm with . or Enter, or press ? or * to list all spells.
Aiming: Fireball (dangerous; 2% risk of failure)
Press: ? - help, Shift-Dir - straight line, f/p - Gastronok
Aim: Gastronok, wearing the +3 hat of Pondering {ponderous, Will+ MP+10 Int+5} (heavily wounded)
The fireball explodes!
The fireball engulfs Gastronok!
Gastronok is heavily wounded.
* * * LOW HITPOINT WARNING * * *
Gastronok waves his eye-stalks in wide circles.
The air twists around and strikes you!!
You die...
Your body crumbles into a pile of gold.

................#
###.##.#######..#
#.##.# #..#
#.##.##### #..#
###.##.....###..##
....###..........#
##### #.##.###...#
#.##.# #...##
#.##.# #.#@.#
#.##.# #.>..# #####
#.##.# #.#..#
......(..≈≈≈...#..#
......## ≈≈≈≈.##.w#
###### w.≈≈. #..#
≈≈≈≈ ...# ≈≈≈. ##.#


You could see Gastronok and a dart slug.

Vanquished Creatures
  Harold (D:7)
  Joseph (D:8)
  A troll (D:7)
  Prince Ribbit (D:5)
  Menkaure (D:6)
  An acid dragon (D:8)
  2 water moccasins
  2 necrophages
  An ogre (D:4)
  4 centaurs
  2 kobold brigands
  2 bullfrogs
  A scorpion (D:4)
  A gnoll sergeant (D:8)
  2 wyvern zombies (D:7)
  A water moccasin skeleton (D:5)
  4 howler monkeys (D:7)
  A lava snake (D:7)
  3 hounds
  2 centaur zombies
  3 jellies
  A centaur skeleton (D:6)
  3 iguanas
  Natasha (D:4)
  2 orc wizards (D:8)
  A killer bee zombie (D:8)
  A hound skeleton (D:2)
  9 gnolls
  A howler monkey zombie (D:7)
  5 adders
  A shadow imp (D:4)
  4 white imps
  3 ufetubi
  2 worms (D:2)
  4 dart slugs
  3 orcs
  11 ball pythons
  6 bats
  6 endoplasms
  2 giant cockroaches (D:4)
  4 goblins
  7 hobgoblins
  A quokka (D:1)
  6 frilled lizards
  14 kobolds
  5 rats
140 creatures vanquished.

Vanquished Creatures (collateral kills)
  3 foxfires
3 creatures vanquished.

Vanquished Creatures (others)
  630 foxfires
  14 plants (D:3)
644 creatures vanquished.

Grand Total: 787 creatures vanquished

Notes
Turn   | Place    | Note
-------+----------+-------------------------------------------
     0 | D:1      | robertstho the Djinni Fire Elementalist began the quest for
                  | the Orb.
     0 | D:1      | Reached XP level 1. HP: 15/15 MP: 0/0
   329 | D:1      | Reached XP level 2. HP: 18/21 MP: 0/0
   494 | D:1      | Reached skill level 3 in Spellcasting
   905 | D:1      | Found Rutist's Antique Weapon Shop.
  1371 | D:2      | Reached XP level 3. HP: 16/25 MP: 0/0
  1371 | D:2      | Learned a level 1 spell: Corona
  1683 | D:2      | Reached XP level 4. HP: 22/31 MP: 0/0
  2388 | D:2      | Found a shadowy altar of Dithmenos.
  2949 | D:3      | Reached skill level 1 in Fighting
  3390 | D:3      | Found a hide-covered altar of Uskayaw.
  3442 | D:3      | Found an iron altar of Okawaru.
  3574 | D:3      | Found a faded altar of an unknown god.
  3834 | D:4      | Reached skill level 4 in Spellcasting
  3834 | D:4      | Reached XP level 5. HP: 33/37 MP: 0/0
  3834 | D:4      | Learned a level 2 spell: Wereblood
  4259 | D:4      | Noticed an ogre
  4268 | D:4      | Killed an ogre
  4269 | D:4      | Reached XP level 6. HP: 34/42 MP: 0/0
  4749 | D:4      | Reached skill level 5 in Spellcasting
  4841 | D:4      | Noticed Natasha
  4843 | D:4      | Killed Natasha
  5227 | D:4      | Noticed Natasha
  5268 | D:5      | Entered Level 5 of the Dungeon
  5375 | D:5      | Noticed a necrophage
  5467 | D:5      | Killed a necrophage
  5468 | D:5      | Reached XP level 7. HP: 45/49 MP: 0/0
  5468 | D:5      | Learned a level 3 spell: Call Canine Familiar
  5496 | D:5      | Found a staircase to the Ecumenical Temple.
  5544 | Temple   | Entered the Ecumenical Temple
  5751 | Temple   | Became a worshipper of Gozag Ym Sagoz the Greedy
  5779 | D:5      | Noticed Prince Ribbit
  5785 | D:5      | Killed Prince Ribbit
  5786 | D:5      | Reached skill level 6 in Spellcasting
  5869 | D:5      | Reached XP level 8. HP: 39/55 MP: 0/0
  6153 | D:5      | Found a white marble altar of Elyvilon.
  6312 | D:5      | Found a sacrificial altar of Ru.
  7131 | D:6      | Reached skill level 7 in Spellcasting
  7162 | D:6      | Found Zofyugaw's Neck Hole.
  7172 | D:6      | Noticed Menkaure
  7176 | D:6      | Killed Menkaure
  7890 | D:6      | Identified the +1 ring mail "Zeaginia" {rCorr Dex+4 Slay+2
                  | Stlth+}
  7940 | D:6      | Reached XP level 9. HP: 61/61 MP: 0/0
  7940 | D:6      | Learned a level 3 spell: Frozen Ramparts
  8409 | D:7      | Found the +3 pair of gauntlets of War {Slay+5}
  8411 | D:7      | Noticed a troll
  8421 | D:7      | Killed a troll
  8422 | D:7      | Reached skill level 8 in Spellcasting
  8677 | D:7      | Found a sparkling altar of Nemelex Xobeh.
  8767 | D:7      | Noticed Harold
  8776 | D:7      | Killed Harold
  8777 | D:7      | Reached skill level 1 in Short Blades
  8777 | D:7      | Reached skill level 9 in Spellcasting
  8800 | D:7      | Reached XP level 10. HP: 21/69 MP: 0/0
 10267 | D:6      | Bought the amulet "Ellokh" {Reflect Regen+ SH+5} for 370
                  | gold pieces
 10267 | D:6      | Bought a scarf of repulsion for 120 gold pieces
 10377 | D:8      | Noticed Joseph
 10381 | D:8      | Killed Joseph
 10684 | D:8      | Noticed Gastronok
 10692 | D:8      | Killed from afar by Gastronok

Illustrated notes

Levels and vault maps discovered:
D:1:      lightli_arrival_maybe_door_vault, layout_rooms, serial_shops,
          nicolae_shop_overgrown_old_shop
D:2:      layout_basic, basic_altar
D:3:      layout_basic, mainiacjoe_overflow_cross_hatched, okawaru_trees_2,
          shapermc_ecumenical_altar_mp_vishouse
D:4:      layout_layer_cave, uniq_natasha
D:5:      minmay_spotlight, layout_basic, kennysheep_mini_moat,
          nicolae_ru_path_of_blood, minmay_temple_entry_arrows,
          uniq_prince_ribbit1
D:6:      layout_loops_corners, nicolae_shop_sticking_my_neck_out, uniq_menkaure
D:7:      layout_gridville, overflow_temple_1_default, kennysheep_path_1,
          minmay_manual_moon, uniq_harold
D:8:      layout_loops_ring, kennysheep_slug_shrine, uniq_gastronok, uniq_joseph
Temple:   regret_index_temple_generic_petals

Skill      XL: |  1  2  3  4  5  6  7  8  9 10 |
---------------+-------------------------------+-----
Spellcasting   | 3 4 5 6 7 9 |  9.9
Fighting       | 1 2 3 4 |  4.8
Stealth        | 2 3 |  3.9
Dodging        | 3 4 |  4.0
Short Blades   | 1 |  1.8

Action                   |  1- 3 |  4- 6 |  7- 9 | 10-12 || total
-------------------------+-------+-------+-------+-------++-------
Melee: Falchion          |       |     1 |       |       ||     1
       Dagger            |       |       |     7 |     1 ||     8
 Cast: Foxfire           |    76 |   164 |   154 |       ||   394
       Sticky Flame      |       |     1 |     6 |       ||     7
       Fireball          |       |       |     3 |    41 ||    44
  Use: Scroll            |       |     3 |     2 |       ||     5
 Stab: Sleeping          |       |       |     1 |     1 ||     2
Armor: Robe              |     1 |     4 |     9 |     1 ||    15
Dodge: Dodged            |     5 |     9 |    32 |     3 ||    49
       Rpst.: Falchion   |       |     1 |       |       ||     1

Table legend: (Time is in decaauts)
 A = Elapsed time spent in this place.
 B = Non-inter-level travel time spent in this place.
 C = Inter-level travel time spent in this place.
 D = Time resting spent in this place.
 E = Time spent auto-exploring this place.
 F = Levels seen in this place.
 G = Mean time per level.
                   A        B        C        D        E       F      G
               +--------+--------+--------+--------+--------+-----+--------+
         Total |  10689 |  10341 |    348 |    179 |   9102 |   9 | 1187.7 |
       Dungeon |  10460 |  10144 |    316 |    179 |   8916 |   8 | 1307.5 |
        Temple |    229 |    197 |     32 |      0 |    186 |   1 |  229.0 |
               +--------+--------+--------+--------+--------+-----+--------+

Top non-repeatable levels by time:
     D:7: 1692 daAuts
     D:2: 1527 daAuts
     D:4: 1473 daAuts
     D:6: 1428 daAuts
     D:5: 1387 daAuts
     D:1: 1301 daAuts
     D:3: 964 daAuts
     D:8: 686 daAuts
  Temple: 229 daAuts
